Map: Inside and Out

Players

ShoWTimE

  • Race: Protoss Protoss
  • Spawn Location: 1:00

DPGDark (Dark) - Winner!

  • Race: Zerg Zerg
  • League: Master
  • Spawn Location: 7:00

VOD

Have the link to the VOD?

Description

Time

  • Played on: Oct. 22, 2022, 8:15 a.m.
  • Length: 8:12
Show
View Real Time Build Order
Export as new Build Order

ShoWTimE Protoss 

Build Orders: 1 Gate Expand, Oracle Opening, Zealot Archon 

Get SALT Encoding   

  12  0:00  Probe  
  13  0:12  Probe  
  14  0:17  Pylon  
  14  0:24  Probe (Chrono Boost)  
  15  0:36  Probe (Chrono Boost)  
  15  0:37  Gateway  
  16  0:45  Probe (Chrono Boost)  
  16  0:47  Assimilator  
  17  0:51  Probe  
  18  1:03  Probe  
  19  1:15  Probe  
  20  1:23  Nexus  
  20  1:32  Cybernetics Core  
  20  1:35  Probe  
  21  1:41  Assimilator  
  21  1:47  Probe  
  21  1:51  Pylon  
  22  2:00  Probe  
  23  2:07  Adept (Chrono Boost)  
  23  2:12  Probe  
  26  2:19  Stargate  
  26  2:24  Probe (Chrono Boost)  
  26  2:27  Adept (Chrono Boost)  
  27  2:33  Warp Gate  
  27  2:35  Probe (Chrono Boost)  
  31  2:42  Probe (Chrono Boost)  
  32  2:44  Probe (Chrono Boost)  
  32  2:49  Adept, Probe x2 (Chrono Boost)  
  36  3:00  Probe, Pylon  
  36  3:01  Probe  
  36  3:04  Oracle (Chrono Boost)  
  38  3:12  Probe  
  42  3:13  Probe  
  42  3:19  Adept  
  45  3:24  Probe  
  45  3:25  Probe  
  45  3:32  Gateway  
  43  3:35  Oracle (Chrono Boost)  
  43  3:36  Probe  
  43  3:37  Probe  
  48  3:46  Pylon  
  48  3:48  Probe  
  48  3:50  Probe  
  50  4:01  Probe  
  50  4:02  Nexus, Probe  
  52  4:05  Oracle (Chrono Boost)  
  52  4:09  Assimilator  
  55  4:11  Assimilator  
  55  4:13  Probe  
  55  4:14  Probe  
  55  4:15  Pylon  
  57  4:22  Adept  
  59  4:25  Probe  
  59  4:26  Probe  
  61  4:34  Adept  
  61  4:37  Probe  
  61  4:38  Probe, Forge  
  65  4:45  Robotics Facility  
  65  4:49  Probe  
  65  4:50  Probe  
  65  4:51  Gateway  
  67  4:56  Pylon  
  67  5:01  Probe  
  67  5:02  Probe  
  67  5:03  Twilight Council  
  69  5:10  Protoss Ground Weapons Level 1 (Chrono Boost)  
  70  5:14  Probe (Chrono Boost)  
  70  5:15  Probe (Chrono Boost)  
  70  5:18  Sentry x2  
  70  5:19  Probe (Chrono Boost)  
  76  5:22  Shield Battery  
  76  5:24  Probe x2 (Chrono Boost)  
  76  5:27  Pylon  
  76  5:28  Probe (Chrono Boost)  
  79  5:29  Probe (Chrono Boost)  
  79  5:31  Probe (Chrono Boost)  
  79  5:32  Observer  
  82  5:36  Gateway  
  82  5:41  Phoenix, Probe (Chrono Boost), Charge  
  85  5:44  Probe (Chrono Boost)  
  85  5:45  Probe (Chrono Boost)  
  85  5:47  Probe (Chrono Boost)  
  82  5:50  Probe (Chrono Boost)  
  82  5:53  Probe  
  82  5:55  Probe, Assimilator x2  
  82  5:56  Immortal (Chrono Boost)  
  86  5:59  Gateway  
  86  6:02  Probe  
  86  6:03  Gateway  
  87  6:04  Photon Cannon  
  87  6:05  Probe  
  87  6:08  Probe  
  87  6:10  Gateway  
  89  6:14  Zealot x3  
  95  6:20  Pylon  
  95  6:26  Pylon  
  95  6:31  Warp Prism (Chrono Boost)  
  96  6:43  Nexus  
  96  6:44  Pylon  
  96  6:47  Forge  
  96  6:49  Templar Archives, Probe x2  
  96  6:50  Probe  
  96  6:52  Pylon  
  99  6:58  Immortal (Chrono Boost), Photon Cannon  
  103  7:04  Photon Cannon  
  103  7:07  Photon Cannon  
  103  7:10  Shield Battery, Photon Cannon  
  103  7:12  Shield Battery  
  103  7:16  Photon Cannon  
  103  7:25  High Templar  
  103  7:26  High Templar x3  
  103  7:28  High Templar x2  
  115  7:31  Photon Cannon  
  115  7:32  Shield Battery  
  115  7:33  Archon x3  
  115  7:35  Pylon  
  114  7:55  Zealot  
  114  7:59  Zealot x4  
Show
View Real Time Build Order
Export as new Build Order

DPGDark Zerg - Winner!

Build Orders: Hatch First 

Get SALT Encoding   

  12  0:00  Drone  
  13  0:12  Overlord  
  13  0:17  Drone  
  14  0:30  Drone x2  
  16  0:39  Drone  
  17  0:50  Hatchery  
  17  0:54  Drone  
  17  0:58  Drone  
  18  1:08  Extractor  
  17  1:12  Spawning Pool  
  17  1:16  Drone  
  17  1:18  Drone  
  18  1:27  Drone  
  19  1:38  Drone  
  20  1:49  Drone  
  21  2:01  Zergling x2  
  21  2:02  Queen x2  
  21  2:05  Drone  
  27  2:13  Metabolic Boost  
  27  2:15  Drone  
  28  2:16  Overlord  
  28  2:34  Drone x3  
  28  2:36  Zergling x2  
  32  2:43  Queen  
  32  2:44  Hatchery  
  33  2:48  Overlord  
  33  2:53  Drone  
  33  2:56  Zergling x2  
  35  2:58  Zergling x2  
  36  3:06  Queen  
  36  3:08  Zergling x2, Drone  
  36  3:11  Drone x2  
  36  3:12  Drone  
  43  3:19  Drone  
  43  3:22  Drone  
  42  3:27  Queen  
  42  3:34  Spore Crawler, Overlord  
  43  3:37  Spore Crawler  
  43  3:39  Drone  
  43  3:42  Drone  
  43  3:53  Drone x5  
  48  3:59  Queen  
  48  4:00  Zergling x2, Drone  
  48  4:02  Drone  
  52  4:03  Drone  
  52  4:08  Drone x2  
  52  4:09  Drone  
  56  4:13  Extractor  
  56  4:14  Overlord  
  56  4:15  Drone x2  
  57  4:20  Spore Crawler  
  57  4:21  Drone  
  57  4:24  Overlord  
  57  4:28  Overlord  
  57  4:32  Overlord  
  57  4:33  Drone x2  
  57  4:35  Drone  
  57  4:36  Drone  
  57  4:37  Drone  
  62  4:39  Drone  
  62  4:40  Drone  
  62  4:45  Drone x2  
  65  4:48  Lair  
  65  4:50  Drone x2  
  65  4:51  Drone  
  69  4:54  Drone x2  
  71  5:00  Roach Warren  
  71  5:02  Evolution Chamber  
  71  5:04  Zergling x4  
  71  5:05  Drone  
  72  5:07  Drone  
  72  5:09  Drone x2  
  72  5:11  Drone  
  72  5:13  Drone  
  72  5:18  Drone x2  
  72  5:19  Drone x3  
  77  5:23  Drone, Extractor  
  77  5:25  Extractor x2  
  75  5:29  Drone  
  75  5:30  Drone, Zerg Missile Weapons Level 1  
  75  5:33  Drone  
  78  5:40  Extractor  
  75  5:53  Glial Reconstitution  
  75  6:01  Roach x4  
  75  6:02  Roach x2, Overlord x3  
  75  6:03  Overlord  
  87  6:04  Overlord x2  
  87  6:05  Roach  
  87  6:08  Hatchery  
  88  6:11  Roach  
  90  6:23  Roach x10  
  109  6:34  Roach x2  
  109  6:38  Roach x2  
  115  6:42  Roach x2, Nydus Network  
  115  6:45  Roach x2  
  115  6:46  Roach  
  122  6:48  Roach x2  
  122  6:50  Roach  
  122  6:53  Roach  
  130  6:55  Roach x2  
  130  7:00  Roach x2  
  138  7:05  Overlord  
  138  7:06  Overlord  
  138  7:08  Overlord  
  138  7:09  Overlord  
  138  7:12  Overlord  
  138  7:15  Overlord  
  138  7:18  Nydus Canal  
  138  7:21  Roach x2  
  138  7:22  Roach  
  144  7:24  Roach  
  144  7:26  Roach  
  144  7:28  Roach  
  150  7:30  Roach  
  150  7:31  Roach  
  150  7:34  Nydus Canal  
  154  7:42  Roach x2  
  154  7:43  Roach x2  
  162  7:45  Roach  
  162  7:49  Roach x2  
  162  7:51  Roach  
Tags
 
Add a new tag
Caveats
  • Supply blocks, unpowered buildings, or Contaminate may cause inaccurate times.
  • Supply counts are checked every 10 seconds.